 Dungeon Sprint DCSS version 0.29-a0-222-g5b244fca1f (webtiles) character file.

Game seed: 1300766503234633270

197 mhtbhm the Basher (level 5, -2/57 HPs)
             Began as a Gargoyle Berserker on Feb 27, 2022.
             Was a Priest of Trog.
             Incinerated by a deep elf pyromancer (4 damage)
             ... with a sticky flame
             ... in the Dungeon (Sprint III: "The Ten Rune Challenge").
             The game lasted 00:00:44 (585 turns).

mhtbhm the Basher (Gargoyle Berserker)               Turns: 585, Time: 00:00:45

Health: -2/57      AC:  6    Str: 23    XL:     5   Next: 75%
Magic:  5/5        EV: 12    Int:  7    God:    Trog [***...]
Gold:   24         SH:  0    Dex:  9    Spells: 4/4 levels left

rFire   . . .      SeeInvis .   a - +0 mace
rCold   . . .      Faith    .   (no shield)
rNeg    + . .      Spirit   .   b - +0 animal skin
rPois   ∞          Reflect  .   (no helmet)
rElec   +          Harm     .   (no cloak)
rCorr   .          Rampage  .   (no gloves)
Will    +....      Clarity  +   (no boots)
Stlth   .......... NoTele   +   (no amulet)
HPRegen 0.19/turn               (no ring)
MPRegen 0.09/turn               (no ring)

@: berserking, on fire, glowing, very quick
A: sickness immunity, AC +4, negative energy resistance 1, electricity
resistance, torment resistance 1, petrification resistance, clarity,
strong-willed 1
a: Renounce Religion, Berserk, Trog's Hand


You were in the Dungeon.
You worshipped Trog.
Trog was most pleased with you.
You visited 1 branch You collected 24 gold pieces.

Inventory:

Hand Weapons
 a - a +0 mace (weapon)
Armour
 b - a +0 animal skin (worn)
Wands
 n - a wand of acid (2)
Scrolls
 h - a scroll of blinking
 j - a scroll of holy word {unknown}
 k - 2 scrolls of immolation {unknown}
 m - 2 scrolls of identify
Potions
 c - a potion of curing
 d - a potion of heal wounds
 e - 2 potions of haste
 f - 2 potions of magic
 g - a potion of berserk rage
 i - 2 potions of mutation
 l - a potion of flight {unknown}


   Skills:
 + Level 7.6 Fighting
 + Level 8.3 Maces & Flails
 + Level 4.5 Armour
 + Level 3.3 Dodging
 + Level 1.3 Stealth


You had 4 spell levels left.
You didn't know any spells.
Your spell library was empty.

Dungeon Overview and Level Annotations

Branches:
Dungeon (1/1)

Altars:
Dithmenos
Elyvilon
Ru
Yredelemnul
Zin
The Shining One


Innate Abilities, Weirdness & Mutations

You are immune to sickness and miasma.
Your stone body is resilient. (AC +4)
You are immune to poison.
You resist negative energy. (rN+)
You are resistant to electric shocks. (rElec)
You are resistant to unholy torment.
You are immune to petrification.
You possess an exceptional clarity of mind.
You are strong-willed. (Will+)


Message History

There is an open door here.
Things that are here:
a +0 dagger; a +0 robe; a human corpse You start resting.
HP restored.
You open the door.
Found three altars.
A deep elf pyromancer comes into view.
It is wielding a +1 long sword of holy wrath.
Found a potion of heal wounds.
The deep elf pyromancer shouts!
There is an open door here.
A red film seems to cover your vision as you go berserk!
You feel yourself moving faster!
You feel mighty!
The deep elf pyromancer mumbles some strange words.
You miss the deep elf pyromancer.
The deep elf pyromancer points at you and mumbles some strange words.
The sticky flame hits you!
You are covered in liquid flames!
You hit the deep elf pyromancer.
The deep elf pyromancer is lightly wounded.
You are covered in liquid flames!
The fire elemental barely misses you.
You barely miss the deep elf pyromancer.
The deep elf pyromancer is lightly wounded.
You are covered in liquid flames!
The fire elemental hits you. The fire elemental burns you!
The deep elf pyromancer hits you with a +1 long sword of holy wrath.
You sock the deep elf pyromancer!
The deep elf pyromancer is moderately wounded.
You are covered in liquid flames!
The fire elemental hits you. The fire elemental burns you!
* * * LOW HITPOINT WARNING * * *
The deep elf pyromancer gestures at you while chanting.
The sticky flame hits you!
You are covered in liquid flames!
* * * LOW HITPOINT WARNING * * *
You closely miss the deep elf pyromancer.
The deep elf pyromancer is moderately wounded.
You are covered in liquid flames!
You die...

▓▓▓▓ ▓▓▓ ...#### ##.#####
#### ......#####..#___#
#__# ....†..#..#..#!e.#
#._#
#.##...#..#..###@#+###)##
#.###..##'#..#..E.......#
##.##..###...'.⌠........#
..##.†####...#...######+#
..##..###....#.⌠.#
.##...##.....#...#
##....#......#+###
##..##.#.....# #..
####....#


You could see a deep elf pyromancer and a fire elemental (summoned).

Vanquished Creatures
  A necrophage (D)
  A water elemental (D)
  A necromancer (D)
  A human (D)
  A phantom (D)
  An endoplasm (D)
  3 rats (D)
9 creatures vanquished.

Notes
Turn   | Place    | Note
-------+----------+-------------------------------------------
     0 | D        | mhtbhm the Gargoyle Berserker began the quest for the Orb.
     0 | D        | Reached XP level 1. HP: 14/14 MP: 1/1
    29 | D        | Reached ** piety under Trog
    86 | D        | Reached XP level 2. HP: 20/20 MP: 2/2
    97 | D        | Reached skill level 4 in Maces & Flails
    97 | D        | Reached XP level 3. HP: 25/25 MP: 3/3
   113 | D        | Gained mutation: You have a pair of small horns on your
                  | head. [potion of mutation]
   134 | D        | Lost mutation: You have a pair of small horns on your head.
                  | [potion of mutation]
   134 | D        | Gained mutation: You are clumsy. (Dex -2) [potion of
                  | mutation]
   134 | D        | Gained mutation: You have an increased reservoir of magic.
                  | (+10% MP) [potion of mutation]
   135 | D        | Lost mutation: You are clumsy. (Dex -2) [potion of
                  | mutation]
   135 | D        | Lost mutation: You have an increased reservoir of magic.
                  | (+10% MP) [potion of mutation]
   135 | D        | Gained mutation: You are strong-willed. (Will+) [potion of
                  | mutation]
   135 | D        | Gained mutation: You possess an exceptional clarity of
                  | mind. [potion of mutation]
   138 | D        | Noticed a water elemental
   148 | D        | Killed a water elemental
   148 | D        | Reached *** piety under Trog
   149 | D        | Reached skill level 6 in Maces & Flails
   149 | D        | Reached XP level 4. HP: 9/32 MP: 4/4
   403 | D        | Found a basalt altar of Yredelemnul.
   403 | D        | Found a shadowy altar of Dithmenos.
   403 | D        | Found a sacrificial altar of Ru.
   403 | D        | Noticed a necrophage
   418 | D        | Killed a necrophage
   419 | D        | Reached skill level 8 in Maces & Flails
   419 | D        | Reached skill level 1 in Stealth
   419 | D        | Reached XP level 5. HP: 19/38 MP: 5/5
   578 | D        | Found a glowing silver altar of Zin.
   578 | D        | Found a glowing golden altar of the Shining One.
   578 | D        | Found a white marble altar of Elyvilon.
   579 | D        | Noticed a deep elf pyromancer
   581 | D        | Noticed a fire elemental
   584 | D        | HP: 2/57 [deep elf pyromancer/sticky flame (12)]
   585 | D        | Incinerated by a deep elf pyromancer

Illustrated notes

Levels and vault maps discovered:
D:        dungeon_sprint_mu [sprint_mu_entry_cave, sprint_mu_temple_rooms,
          sprint_mu_d1_horrors, sprint_mu_d2_genie, sprint_mu_d3_branching,
          sprint_mu_orc_legion, sprint_mu_elf_gauntlet, sprint_mu_hive_nellie,
          sprint_mu_lair_fedhas, sprint_mu_vaults_butterflies,
          sprint_mu_slime_circle, sprint_mu_swamp_cave, sprint_mu_shoals_kraken,
          sprint_mu_blade_basic, sprint_mu_crypt_fortress,
          sprint_mu_tomb_spiral, sprint_mu_vestibule_basic,
          sprint_mu_gehenna_hellfire, sprint_mu_dis_giant,
          sprint_mu_tartarus_statrot, sprint_mu_cocytus_islands, sprint_mu_zot1]

Skill      XL: |  1  2  3  4 |
---------------+-------------+-----
Fighting       | 4 6 7 |  7.6
Maces & Flails | 4 6 8 |  8.3
Armour         | 3 4 |  4.5
Dodging        | 2 3 |  3.3
Stealth        | 1 |  1.3

Action                   |  1- 3 |  4- 6 || total
-------------------------+-------+-------++-------
Melee: Mace              |    29 |    26 ||    55
Invok: Berserk           |     2 |     1 ||     3
  Use: Potion            |     3 |       ||     3
Armor: Animal skin       |     6 |     7 ||    13
Dodge: Dodged            |    11 |    10 ||    21

Table legend: (Time is in decaauts)
 A = Elapsed time spent in this place.
 B = Non-inter-level travel time spent in this place.
 C = Inter-level travel time spent in this place.
 D = Time resting spent in this place.
 E = Time spent auto-exploring this place.
 F = Levels seen in this place.
 G = Mean time per level.
                   A        B        C        D        E       F      G
               +--------+--------+--------+--------+--------+-----+--------+
         Total |    607 |    607 |      0 |    412 |     61 |   1 |  607.0 |
       Dungeon |    607 |    607 |      0 |    412 |     61 |   1 |  607.0 |
               +--------+--------+--------+--------+--------+-----+--------+

Top non-repeatable levels by time:
       D: 607 daAuts
